AoeStats
← Jota

Black Forest

506999254Analyzed
3v3 RM · 16d ago on Sep 16, 2026· 62m 25s· 6 players
Game mode
Random Map
Map size
Normal (6 player)
Population
200
Speed
Normal
Resources
Standard
Victory
Conquest
Starting age
Dark Age
Ending age
Imperial Age
RankedLock teamsTeams togetherTeam positionsShared explorationLock speedFull tech treeHidden civsTurbo modeCheats
Victory
Defeat
🇨🇳 Goths · China
788
+5
🇬🇪 Burgundians · Georgia
652
+7
🇦🇷 Spanish · Argentina
603
+9
🇨🇴 Huns · Colombia
494
-8
🇮🇩 Maya · Indonesia
472
-7
🇨🇴 Bengalis · Colombia
431
-6
Nick35
0:55 Loom
26:47 Feudal Age
26:54 Man-at-Arms
27:20 Arson
30:23 Double-Bit Axe
31:07 Horse Collar
37:02 Castle Age
36:05 Forging
35:55 Scale Mail Armor
36:35 Scale Barding Armor
37:29 Crossbowman
38:14 Squires
38:20 Long Swordsman
39:37 Gold Mining
41:15 Bow Saw
40:31 Light Cavalry
41:00 Elite Skirmisher
42:54 Pikeman
49:18 Imperial Age
47:34 Wheelbarrow
46:45 Town Watch
48:34 Iron Casting
47:50 Fletching
48:01 Padded Archer Armor
48:57 Bloodlines
48:48 Husbandry
53:53 Blast Furnace
53:09 Chain Mail Armor
52:50 Two-Handed Swordsman
Rebelion1984
0:53 Loom
15:25 Feudal Age
16:04 Double-Bit Axe
16:34 Fishing Lines
17:37 Wheelbarrow
20:57 Gold Mining
21:57 Bloodlines
21:50 Stone Mining
22:01 Horse Collar
25:54 Town Watch
29:23 Castle Age
29:21 Scale Barding Armor
29:07 Fletching
29:17 Padded Archer Armor
29:28 Forging
30:22 Hand Cart
30:10 Heavy Plow
30:24 Bow Saw
30:52 Gold Shaft Mining
30:10 Gillnets
30:46 Chain Barding Armor
31:27 Town Patrol
31:50 Husbandry
31:48 Bodkin Arrow
32:09 Leather Archer Armor
32:02 Thumb Ring
35:48 Ballistics
35:39 Masonry
35:25 Murder Holes
36:54 Marauders
39:39 Iron Casting
51:08 Imperial Age
53:31 Chemistry
52:59 Atheism
52:10 Sappers
53:01 Conscription
53:22 Elite Tarkan
GibranRakatiwing
11:06 Feudal Age
9:56 Loom
12:01 Double-Bit Axe
13:57 Gold Mining
14:31 Stone Mining
16:18 Wheelbarrow
20:11 Castle Age
18:22 Horse Collar
20:23 Padded Archer Armor
21:31 Heavy Plow
24:25 Thumb Ring
25:30 Fletching
26:40 Bow Saw
27:02 Bodkin Arrow
27:07 Crossbowman
29:04 Leather Archer Armor
32:08 Ballistics
39:10 Imperial Age
39:36 Hul'che Javelineers
39:30 Guard Tower
39:51 Fortified Wall
40:05 Hand Cart
39:15 Arbalester
41:39 Chemistry
40:51 Masonry
40:37 Murder Holes
40:05 Elite Skirmisher
40:10 Eagle Warrior
40:36 Arson
41:57 Two-Man Saw
41:35 Coinage
44:17 Ring Archer Armor
45:13 Bracer
Jota
0:40 Loom
16:18 Feudal Age
17:25 Horse Collar
17:32 Double-Bit Axe
17:38 Gold Mining
17:51 Stone Mining
25:58 Castle Age
27:14 Heavy Plow
28:09 Stone Shaft Mining
28:21 Bow Saw
28:06 Fletching
28:16 Padded Archer Armor
28:19 Caravan
28:50 Coinage
29:37 Bodkin Arrow
29:58 Leather Archer Armor
32:59 Leather Archer Armor
33:31 Ballistics
41:14 Imperial Age
41:23 Wheelbarrow
42:22 Wheelbarrow
42:23 Town Watch
43:00 Bracer
43:32 Ring Archer Armor
43:21 Elite Conquistador
44:22 Conscription
44:17 Murder Holes
45:05 Hand Cart
44:56 Town Patrol
53:19 Chemistry
ImperataR
0:32 Loom
19:35 Feudal Age
28:06 Double-Bit Axe
30:46 Castle Age
28:59 Caravan
29:51 Bow Saw
33:04 Wheelbarrow
33:48 Two-Man Saw
33:32 Gold Mining
33:33 Stone Mining
37:10 Hand Cart
40:03 Coinage
39:43 Guilds
39:39 Town Watch
47:59 Gold Shaft Mining
48:00 Stone Shaft Mining
50:28 Imperial Age
47:59 Town Patrol
47:41 Horse Collar
47:43 Treadmill Crane
48:47 Ballistics
49:17 Squires
49:03 Arson
49:20 Heavy Plow
51:20 Crop Rotation
50:36 Onager
52:58 Banking
52:29 Elite Coustillier
59:49 Forging
59:39 Scale Mail Armor
59:44 Scale Barding Armor
59:30 Fletching
59:40 Padded Archer Armor
59:03 Pikeman
雷霆半月斩
4:19 Loom
10:48 Feudal Age
11:24 Double-Bit Axe
11:21 Horse Collar
17:04 Castle Age
17:38 Gold Mining
19:10 Bow Saw
24:04 Heavy Plow
25:43 Stone Mining
26:08 Scale Mail Armor
26:19 Forging
26:32 Masonry
27:49 Chain Mail Armor
28:06 Gold Mining
28:59 Stone Shaft Mining
29:01 Wheelbarrow
28:20 Man-at-Arms
32:40 Imperial Age
31:43 Long Swordsman
33:39 Hand Cart
32:46 Two-Handed Swordsman
32:56 Elite Huskarl
33:45 Perfusion
33:46 Anarchy
34:07 Conscription
34:58 Sappers
35:47 Forging
35:23 Champion
36:04 Town Watch
37:54 Caravan
38:06 Guilds
39:36 Iron Casting
39:09 Scale Barding Armor
43:28 Squires
42:48 Pikeman
43:20 Halberdier
45:25 Architecture
46:03 Blast Furnace
45:24 Chain Barding Armor
45:54 Town Patrol
50:25 Bloodlines
49:36 Light Cavalry
50:29 Hussar
51:35 Fletching
51:46 Padded Archer Armor
52:50 Chemistry
52:11 Ballistics
51:47 Murder Holes
54:18 Husbandry
53:38 Cavalier
Connection lost

Rejoining the realm…

Still unreachable

The connection could not be restored.

Session expired

The server has moved on; the page needs a fresh start.